 Dungeon Sprint DCSS version 0.30-a0-368-g86fb4627a9 (webtiles) character file.

Game seed: 1298288750904787979

8633 mhtbhm the Tortoise (level 11, -6/166 HPs)
             Began as an Armataur Fighter on Nov 20, 2022.
             Was an Initiate of Gozag.
             Mangled by a vampire knight
             ... wielding a +2 broad axe
              (15 damage)
             ... in the Dungeon (Sprint VII: "The Pits").
             The game lasted 00:05:47 (2701 turns).

mhtbhm the Tortoise (Armataur Fighter)              Turns: 2701, Time: 00:05:48

Health: -6/166     AC: 16    Str: 31    XL:     11   Next: 12%
Magic:  11/11      EV: 10    Int:  9    God:    Gozag
Gold:   2668       SH:  7    Dex: 10    Spells: 10/10 levels left

rFire   + . .      SeeInvis .    a - +1 hand axe (freeze)
rCold   + . .      Faith    .    c - +0 buckler
rNeg    . . .      Spirit   .    b - +4 scale mail
rPois   +          Reflect  .    (no helmet)
rElec   +          Harm     .    (no cloak)
rCorr   +          Roll     +    q - +0 pair of gloves
Will    .....      NoTele   +    (no barding)
Stlth   ..........               (no amulet)
HPRegen 0.47/turn                n - +3 ring of strength
MPRegen 0.12/turn                o - +3 ring of strength

@: mighty, berserking, resistant, very quick
A: large, rugged brown scales 3, deformed body, armoured tail, roll, long
tongue, awkward tongue
a: Renounce Religion, Potion Petition, Call Merchant, Bribe Branch


You were in the Dungeon.
You worshipped Gozag.
Gozag was most pleased with you.
You visited 1 branch You collected 4941 gold pieces.
You spent 284 gold pieces at shops.
You paid 1989 gold pieces to Gozag.

Inventory:

Hand Weapons
 a - a +1 hand axe of freezing (weapon)
Armour
 b - a +4 scale mail (worn)
 c - a +0 buckler (worn)
 q - a +0 pair of gloves (worn)
 s - a +2 hat
Jewellery
 n - a +3 ring of strength (left hand)
 o - a +3 ring of strength (right hand)
Scrolls
 j - 2 scrolls of blinking
 l - 5 scrolls of amnesia
 m - a scroll of summoning
Potions
 d - 3 potions of might
 e - 2 potions of curing
 f - 3 potions of heal wounds
 g - a potion of haste
 h - 4 potions of magic
 k - 2 potions of invisibility
 p - a potion of brilliance


   Skills:
 + Level 11.9 Fighting
 + Level 12.8 Axes
 + Level 15.9 Armour
 + Level 6.4 Dodging
 + Level 4.1 Stealth
 + Level 12.7 Shields


You had 10 spell levels left.
You didn't know any spells.
Your spell library was empty.

Dungeon Overview and Level Annotations

Branches:
Dungeon (1/1)

Altars:
Ashenzari
Cheibriados
Dithmenos
Elyvilon
Fedhas
Gozag
Hepliaklqana
Kikubaaqudgha
Makhleb
Nemelex Xobeh
Okawaru
Qazlal
Ru
Sif Muna
Trog
Uskayaw
Vehumet
Wu Jian
Xom
Yredelemnul
Zin
The Shining One
Jiyva
Lugonu

Shops:
D ?


Innate Abilities, Weirdness & Mutations

You are completely covered in rugged brown scales. (AC +3, +7% HP)
Armour fits poorly on your strangely shaped body.
You have a long armoured tail.
You roll when moving toward enemies. (Rampage)
Your long tongue fully drains potion bottles. (2x potion effects)
Your tongue gives you trouble enunciating. (1.5x scroll delay)


Message History

You hit the vampire knight.
Your tail-slap misses the vampire knight.
The vampire knight is moderately damaged.
The vampire knight gestures wildly while chanting.
The vampire knight flickers and vanishes!
Deactivating autopickup; reactivate with Ctrl-A.
You closely miss something.
You slurp down every last drop of the 4 potions of heal wounds!
You feel much better. Something hits you! Something bites you!
Something draws strength from your injuries!
Okay, then.
You slurp down every last drop of the potion of berserk rage!
A red film seems to cover your vision as you go berserk!
You feel yourself moving faster!
You feel mighty! Something hits you but does no damage. Something bites you!
Something draws strength from your injuries!
You barely miss something. Something hits you! Something bites you.
Something draws strength from your injuries!
You hit something but do no damage.
Your tail-slap misses something.
You hit something but do no damage.
Your tail-slap misses something.
Something hits you. Something bites you but does no damage.
You hit something but do no damage. You hit something. You freeze something.
You tail-slap something. Something hits you!
* * * LOW HITPOINT WARNING * * *
Something bites you but does no damage.
You hit something but do no damage. You hit something. You slice something!!
You freeze something. Something draws life force from you!!
* * * LOW HITPOINT WARNING * * *
You hit something. You hit something but do no damage.
Your tail-slap misses something.
Something completely misses you. Something bites you!
* * * LOW HITPOINT WARNING * * *
Something draws strength from your injuries!
You hit something. You barely miss something. Something hits you!
You die...
Your body crumbles into a pile of gold.

##### ######## *****#######******
#...###..'...# *,,,,.......+,,**,
#...##..##...###,,,,.......*,,**,
##'##..###...'.##,,,......**,,**,
........##...#..##*,....#***,,**,
##+###...##'##...###...###,,,,***
.....##..#...#...#.......#,,,,**,
.)....+..+...'...{w......#******,
.....##..#...#..@#.......#,,,,**,
##'###...##'##...###...###,,,,***
........##...#..##*,....#***$,**,
##'##..###..W+.##,,,......**,,**,
#...##..##...###,,,,.......*,,**,
#...###..+...# *,,,,.......+,,**,
##### *####### *****#######******


You could see a tyrant leech.

Vanquished Creatures
  Gastronok (D)
  A death yak (D)
  2 sea snakes (D)
  A swamp dragon (D)
  A phantasmal warrior (D)
  2 lindwurms (D)
  An elephant (D)
  An orange demon (D)
  A demonic crawler (D)
  A freezing wraith (D)
  A red devil (D)
  Prince Ribbit (D)
  A snapping turtle (D)
  A jumping spider (D)
  2 yaks (D)
  A wraith (D)
  3 wyverns (D)
  A basilisk (D)
  A steam dragon (D)
  Pargi (D)
  A swamp drake (D)
  A black bear (D)
  An orc warrior (D)
  2 sky beasts (D)
  A wolf (D)
  A bullfrog (D)
  A necrophage (D)
  A scorpion (D)
  A jelly (D)
  A hound (D)
  2 iron imps (D)
  A gnoll (D)
  A river rat (D)
  A white imp (D)
  2 ufetubi (D)
  4 orcs (D)
  A bat skeleton (D)
  2 endoplasms (D)
  A giant cockroach (D)
  A goblin (D)
  A hobgoblin (D)
  2 jackals (D)
  2 quokkas (D)
  2 ball pythons (D)
  A frilled lizard (D)
  A quokka skeleton (D)
61 creatures vanquished.

Vanquished Creatures (others)
  A yak (D)
1 creature vanquished.

Grand Total: 62 creatures vanquished

Notes
Turn   | Place    | Note
-------+----------+-------------------------------------------
     0 | D        | mhtbhm the Armataur Fighter began the quest for the Orb.
     0 | D        | Reached XP level 1. HP: 19/19 MP: 1/1
    20 | D        | Found a bloodstained altar of Trog.
    20 | D        | Found a shimmering blue altar of Sif Muna.
    20 | D        | Found a viscous altar of Jiyva.
    20 | D        | Found a hazy altar of Hepliaklqana.
    20 | D        | Found an opulent altar of Gozag.
    21 | D        | Found a glowing golden altar of the Shining One.
    21 | D        | Found a glowing silver altar of Zin.
    21 | D        | Found a basalt altar of Yredelemnul.
    21 | D        | Found a shimmering altar of Xom.
    21 | D        | Found an ornate altar of the Wu Jian Council.
    21 | D        | Found a sacrificial altar of Ru.
    21 | D        | Found a stormy altar of Qazlal.
    21 | D        | Found an iron altar of Okawaru.
    21 | D        | Found a sparkling altar of Nemelex Xobeh.
    21 | D        | Found a burning altar of Makhleb.
    21 | D        | Found a blossoming altar of Fedhas.
    21 | D        | Found a white marble altar of Elyvilon.
    21 | D        | Found a shadowy altar of Dithmenos.
    21 | D        | Found a snail-covered altar of Cheibriados.
    24 | D        | Found a corrupted altar of Lugonu.
    24 | D        | Found a radiant altar of Vehumet.
    25 | D        | Found an ancient bone altar of Kikubaaqudgha.
    25 | D        | Found a hide-covered altar of Uskayaw.
    25 | D        | Found a broken altar of Ashenzari.
    29 | D        | Became a worshipper of Gozag Ym Sagoz the Greedy
    71 | D        | Reached skill level 4 in Armour
    71 | D        | Reached XP level 2. HP: 23/27 MP: 2/2
    95 | D        | Reached skill level 5 in Armour
   123 | D        | Noticed a scorpion
   123 | D        | Noticed a sky beast
   128 | D        | Killed a scorpion
   129 | D        | Reached skill level 6 in Armour
   129 | D        | Reached skill level 5 in Shields
   129 | D        | Reached XP level 3. HP: 37/37 MP: 3/3
   129 | D        | Reached XP level 4. HP: 43/43 MP: 4/4
   136 | D        | Killed a sky beast
   137 | D        | Reached skill level 5 in Fighting
   137 | D        | Reached skill level 7 in Armour
   137 | D        | Reached skill level 1 in Dodging
   137 | D        | Reached XP level 5. HP: 53/53 MP: 5/5
   328 | D        | Noticed Pargi
   333 | D        | Noticed a sky beast
   340 | D        | Reached skill level 8 in Armour
   347 | D        | Noticed an orc warrior
   348 | D        | Killed Pargi
   349 | D        | Reached skill level 1 in Stealth
   349 | D        | Reached XP level 6. HP: 54/62 MP: 6/6
   354 | D        | Killed an orc warrior
   355 | D        | Reached skill level 9 in Armour
   375 | D        | Killed a sky beast
   376 | D        | Reached skill level 5 in Axes
   392 | D        | Reached skill level 10 in Armour
   392 | D        | Reached XP level 7. HP: 30/70 MP: 7/7
   543 | D        | Noticed an orange demon
   563 | D        | Killed an orange demon
   564 | D        | Reached skill level 11 in Armour
   718 | D        | Noticed Prince Ribbit
   728 | D        | Killed Prince Ribbit
   729 | D        | Reached XP level 8. HP: 77/80 MP: 8/8
   961 | D        | Noticed a lindwurm
   962 | D        | Noticed a jumping spider
   974 | D        | Killed a lindwurm
   975 | D        | Reached skill level 12 in Armour
   982 | D        | Killed a jumping spider
   983 | D        | Reached skill level 13 in Armour
  1163 | D        | Bought a scroll of blinking for 112 gold pieces
  1163 | D        | Bought a scroll of fear for 60 gold pieces
  1163 | D        | Bought a scroll of magic mapping for 112 gold pieces
  1166 | D        | Noticed a red devil
  1182 | D        | Killed a red devil
  1183 | D        | Reached skill level 10 in Shields
  1183 | D        | Reached XP level 9. HP: 46/88 MP: 9/9
  1407 | D        | Noticed a sea snake
  1419 | D        | Killed a sea snake
  1420 | D        | Reached skill level 14 in Armour
  1487 | D        | Noticed a lindwurm
  1501 | D        | Killed a lindwurm
  1502 | D        | Reached skill level 10 in Axes
  1606 | D        | Noticed a demonic crawler
  1627 | D        | Killed a demonic crawler
  1628 | D        | Reached skill level 10 in Fighting
  1628 | D        | Reached skill level 15 in Armour
  1643 | D        | Reached XP level 10. HP: 69/99 MP: 10/10
  1821 | D        | Reached skill level 5 in Dodging
  1922 | D        | Noticed a swamp dragon
  1931 | D        | Killed a swamp dragon
  1935 | D        | Noticed a sea snake
  1963 | D        | Killed a sea snake
  2038 | D        | Noticed a death yak
  2043 | D        | Noticed Gastronok
  2059 | D        | Killed a death yak
  2073 | D        | Killed Gastronok
  2074 | D        | Reached XP level 11. HP: 95/111 MP: 11/11
  2297 | D        | Noticed a phantasmal warrior
  2335 | D        | Killed a phantasmal warrior
  2668 | D        | Noticed a vampire knight
  2699 | D        | HP: 8/166 [something (10)]
  2701 | D        | Mangled by a vampire knight

Illustrated notes

Levels and vault maps discovered:
D:        pitsprint [storerooms_1, entrance_room_1, metal_vault_5, armoury_3,
          mini_pit_1, grid_room_1, main_hall_1, silver_pit, the_coven_3,
          the_vestibule_1, steel_vault_2, golden_pit, hallway_of_sentries,
          crystal_vault_4, iron_vault_1, final_vault]

Skill      XL: |  1  2  3  4  5  6  7  8  9 10 |
---------------+-------------------------------+-----
Fighting       | 3 4 5 6 7 8 9 10 11 | 11.9
Armour         | 4 6 7 8 10 11 13 15 | 15.9
Shields        | 4 5 7 8 9 10 11 12 | 12.7
Axes           | 2 3 4 5 7 8 10 12 | 12.8
Dodging        | 1 2 3 4 6 |  6.4
Stealth        | 1 2 3 4 |  4.1

Action                   |  1- 3 |  4- 6 |  7- 9 | 10-12 || total
-------------------------+-------+-------+-------+-------++-------
Melee: Hand axe          |    14 |    60 |   135 |   168 ||   377
       War axe           |     2 |       |       |       ||     2
       Tailslap          |     2 |     5 |    27 |    36 ||    70
Invok: Call Merchant     |       |       |     1 |       ||     1
       Potion Petition   |       |       |       |     2 ||     2
  Use: Potion            |     1 |       |     6 |    12 ||    19
       Scroll            |       |       |     1 |     1 ||     2
 Stab: Distracted        |       |     2 |       |       ||     2
Armor: Scale mail        |    12 |     2 |    55 |    47 ||   116
       Chain mail        |       |    26 |    26 |       ||    52
Dodge: Dodged            |     6 |    12 |    62 |    34 ||   114
Block: Buckler           |     9 |     9 |    34 |    34 ||    86

Table legend: (Time is in decaauts)
 A = Elapsed time spent in this place.
 B = Non-inter-level travel time spent in this place.
 C = Inter-level travel time spent in this place.
 D = Time resting spent in this place.
 E = Time spent auto-exploring this place.
 F = Levels seen in this place.
 G = Mean time per level.
                   A        B        C        D        E       F      G
               +--------+--------+--------+--------+--------+-----+--------+
         Total |   2666 |   2666 |      0 |   1758 |     25 |   1 | 2666.0 |
       Dungeon |   2666 |   2666 |      0 |   1758 |     25 |   1 | 2666.0 |
               +--------+--------+--------+--------+--------+-----+--------+

Top non-repeatable levels by time:
       D: 2666 daAuts
